 Dungeon Crawl Stone Soup version 0.28.0-53-g5a82cb258f (webtiles) character file.

Game seed: 16750152566669159412

1806 Zeld the Cleaver (level 8, -10/112 HPs)
             Began as a Minotaur Berserker on May 28, 2022.
             Was a Believer of Trog.
             Mangled by a gnoll shaman
             ... wielding a +0 halberd
              (12 damage)
             ... in a bailey.
             The game lasted 00:04:56 (7000 turns).

Zeld the Cleaver (Minotaur Berserker)               Turns: 7000, Time: 00:04:56

Health: -10/112    AC:  5    Str: 23    XL:     8   Next: 84%
Magic:  7/7        EV: 13    Int:  4    God:    Trog [**....]
Gold:   35         SH:  5    Dex: 11    Spells: 7/7 levels left

rFire   . . .      SeeInvis .   a - +0 hand axe
rCold   . . .      Faith    .   (no shield)
rNeg    . . .      Spirit   .   b - +0 animal skin
rPois   .          Reflect  +   (helmet restricted)
rElec   .          Harm     .   s - +0 cloak
rCorr   .          Rampage  .   (no gloves)
Will    .....                   x - +0 pair of boots
Stlth   ..........              c - amulet of reflection
HPRegen 0.28/turn               (no ring)
MPRegen 0.10/turn               (no ring)

@: berserking, very quick
A: horns 2, retaliatory headbutt
a: Renounce Religion, Berserk, Trog's Hand


You were in a bailey.
You worshipped Trog.
Trog was pleased with you.
You visited 1 branch of the dungeon, and saw 7 of its levels.
You also visited: Bailey.

You collected 225 gold pieces.
You spent 190 gold pieces at shops.

Inventory:

Hand Weapons
 a - a +0 hand axe (weapon)
Armour
 b - a +0 animal skin (worn)
 s - a +0 cloak (worn)
 x - a +0 pair of boots (worn)
Jewellery
 c - an amulet of reflection (around neck)
 i - a ring of protection from fire
 A - a ring of see invisible
Wands
 n - a wand of flame (28)
 u - a wand of digging (4)
Scrolls
 e - a scroll of amnesia {unknown}
 f - 7 scrolls of identify {unknown}
 h - 3 scrolls of magic mapping {unknown}
 j - a scroll of summoning {unknown}
 m - 4 scrolls of blinking {unknown}
 p - 2 scrolls of teleportation {unknown}
 q - a scroll of enchant armour {unknown}
 r - a scroll of brand weapon {unknown}
 v - a scroll of fear {unknown}
 y - a scroll of enchant weapon {unknown}
 z - a scroll of silence {unknown}
Potions
 d - 2 potions of attraction {unknown}
 g - 4 potions of curing
 k - 2 potions of cancellation {unknown}
 l - a potion of lignification {unknown}
 o - a potion of haste {unknown}
 t - 2 potions of magic {unknown}
 w - a potion of flight {unknown}


   Skills:
 * Level 8.7 Fighting
 * Level 8.8 Axes
 + Level 6.0 Armour
 + Level 5.4 Dodging


You had 7 spell levels left.
You didn't know any spells.
Your spell library was empty.

Dungeon Overview and Level Annotations

Branches:
Dungeon (8/15)             Bailey (1/1)
 Temple: D:4-7         Lair: D:8-11

Altars:

Shops:
D:5 *   D:7 !


Innate Abilities, Weirdness & Mutations

You have a pair of horns on your head.
You reflexively headbutt those who attack you in melee.


Message History

You hit the gnoll shaman.
The gnoll shaman is severely wounded.
You hit the wolf. x2
You hear a shout!
You block the wolf's attack. The wolf bites you!
The gnoll struggles against the net.
The net rips apart, and the gnoll comes free!
The gnoll barely misses you. The wolf bites you but does no damage.
A red film seems to cover your vision as you go berserk!
You feel yourself moving faster!
You feel mighty! The wolf bites you but does no damage.
The gnoll shaman hits you with a +0 halberd!
You block the gnoll sergeant's attack. The wolf barely misses you.
The wolf pauses to sniff the ground.
The gnoll hits you from afar with a +0 halberd!
* * * LOW HITPOINT WARNING * * *
The wolf closely misses you.
You slash the wolf!
You kill the wolf!
Trog accepts your kill.
You hit the wolf. You hit the gnoll shaman.
The wolf pauses to sniff the ground.
The gnoll sergeant hits you from afar with a +0 halberd.
* * * LOW HITPOINT WARNING * * *
You block the gnoll shaman's attack.
The gnoll hits you from afar with a +0 trident!
* * * LOW HITPOINT WARNING * * *
The gnoll closely misses you.
Your Armour skill increases to level 6!
You miss the wolf.
The wolf is severely wounded.
You hit the wolf. You hit the gnoll shaman. The wolf bites you!
* * * LOW HITPOINT WARNING * * *
The wolf barely misses you.
Unknown command.
You hit the wolf.
The wolf is almost dead.
You barely miss the gnoll shaman. You barely miss the wolf.
The gnoll shaman hits you with a +0 halberd!
You die...

♣≈. #.......+ #..≈ ♣≈.
#..)).##### #..≈
♣≈..#...)##...## #..≈
♣≈..##'###.....######..≈
♣≈......#....)..#...'..)
♣≈....).'...8.).'...'..)
♣≈......#.......#...'...
♣≈..##'###.....######..≈
♣≈..#..@g##...## #..≈
♣≈. #..hh.##### #..≈ ♣≈.
#..gggg.. #..≈ ♣≈
##......... #..≈
##.8...... #..≈
######### ..≈≈


You could see 2 gnoll sergeants, 2 wolves, a gnoll shaman and 2 gnolls.

Vanquished Creatures
  A hornet (D:7)
  2 steam dragons
  2 water moccasins
  An ice beast (D:4)
  An ogre (D:4)
  A wolf (Bailey)
  A kobold brigand (D:8)
  A gnoll sergeant (Bailey)
  A scorpion (D:4)
  A centaur zombie (D:8)
  2 hounds (Bailey)
  4 gnoll shamans
  2 centaur skeletons
  2 iguanas
  An orc priest (D:5)
  Natasha (thrice) (D:4)
  2 orc wizards
  A hound skeleton (D:4)
  A howler monkey zombie (D:7)
  4 gnolls (Bailey)
  7 adders
  A white imp (D:7)
  A dart slug (D:1)
  11 orcs
  12 ball pythons
  3 endoplasms
  4 giant cockroaches
  13 goblins
  10 hobgoblins
  2 jackals (D:2)
  3 quokkas
  7 bats
  A frilled lizard (D:3)
  4 kobolds
  4 rats
117 creatures vanquished.

Vanquished Creatures (others)
  2 plants (D:3)
2 creatures vanquished.

Grand Total: 119 creatures vanquished

Notes
Turn   | Place    | Note
-------+----------+-------------------------------------------
     0 | D:1      | Zeld the Minotaur Berserker began the quest for the Orb.
     0 | D:1      | Reached XP level 1. HP: 19/19 MP: 0/0
   190 | D:1      | Reached XP level 2. HP: 16/27 MP: 1/1
  1223 | D:1      | Reached XP level 3. HP: 33/33 MP: 2/2
  2021 | D:2      | Found a faded altar of an unknown god.
  2176 | D:3      | Reached ** piety under Trog
  2286 | D:3      | Reached XP level 4. HP: 34/41 MP: 3/3
  3294 | D:4      | Noticed Natasha
  3301 | D:4      | Killed Natasha
  3302 | D:4      | Reached skill level 5 in Fighting
  3302 | D:4      | Reached skill level 5 in Axes
  3302 | D:4      | Reached XP level 5. HP: 27/48 MP: 4/4
  3321 | D:4      | Noticed Natasha
  3325 | D:4      | Killed Natasha
  3466 | D:4      | Noticed an ice beast
  3473 | D:4      | Reached XP level 6. HP: 31/57 MP: 5/5
  3476 | D:4      | Killed an ice beast
  3578 | D:4      | Noticed Natasha
  3592 | D:4      | Killed Natasha
  4116 | D:4      | Reached XP level 7. HP: 55/64 MP: 6/6
  4348 | D:5      | Entered Level 5 of the Dungeon
  4712 | D:5      | Found Asurop's Assorted Antiques.
  4737 | D:5      | Bought a potion of curing for 54 gold pieces
  4737 | D:5      | Bought a viscous silvery potion for 16 gold pieces
  4737 | D:5      | Bought a scroll labelled AGUESHR UT TIULOKK for 18 gold
                  | pieces
  4737 | D:5      | Bought an ivory wand for 72 gold pieces
  5146 | D:5      | You fall into a shaft and drop 3 floors!
  5233 | D:8      | Noticed a steam dragon
  5295 | D:8      | Killed a steam dragon
  5296 | D:8      | Reached skill level 5 in Armour
  5296 | D:8      | Reached XP level 8. HP: 73/73 MP: 7/7
  5347 | D:7      | Found Heetwul's Distillery.
  5350 | D:7      | Bought a potion of curing for 30 gold pieces
  5652 | D:7      | Noticed a hornet
  5663 | D:7      | Killed a hornet
  5664 | D:7      | Reached skill level 5 in Dodging
  5887 | D:7      | Found a flagged portal.
  5899 | Bailey   | Entered a bailey
  6999 | Bailey   | HP: 2/112 [wolf (9)]
  7000 | Bailey   | Mangled by a gnoll shaman

Illustrated notes

Levels and vault maps discovered:
D:1:      dpeg_arrival_chambers_temple_mockup, layout_loops_cross,
          minmay_misc_feat_secret_circle, grunt_decor_arrowhead,
          grunt_decor_junction, minmay_distorted
D:2:      layout_loops_ring, hellmonk_ecumenical_altar_leap_of_faith,
          minmay_misc_feat_columns
D:3:      layout_loops_ring, minmay_shallow_snake_nest
D:4:      minmay_spotlight, layout_rooms, uniq_natasha
D:5:      layout_loops_ring, serial_shops, shop
D:7:      layout_basic, temple_pool_b, serial_shops, kennysheep_mini_moat,
          enter_bailey_3, roderic_serpentine_path, kb_rosetta
D:8:      layout_basic, marbit_many_paths,
          ploomutoo_gammafunk_ghost_potion_laboratory
Bailey:   bailey_polearm_gnolls_kennysheep, bailey

Skill      XL: |  1  2  3  4  5  6  7  8 |
---------------+-------------------------+-----
Fighting       | 4 5 6 7 8 |  8.7
Axes           | 4 5 6 7 8 |  8.8
Armour         | 3 4 5 6 |  6.0
Dodging        | 3 4 5 |  5.4

Action                   |  1- 3 |  4- 6 |  7- 9 || total
-------------------------+-------+-------+-------++-------
Melee: Hand axe          |    79 |   116 |   154 ||   349
       Headbutt          |    12 |    12 |    21 ||    45
       Punch             |     2 |     1 |     6 ||     9
Invok: Berserk           |       |     1 |     3 ||     4
       Trog's Hand       |       |     1 |     1 ||     2
 Stab: Sleeping          |       |     1 |       ||     1
Armor: Animal skin       |    24 |    15 |    20 ||    59
Dodge: Dodged            |    59 |    52 |   102 ||   213
Block: Other             |     7 |    24 |    54 ||    85
       Reflection        |       |     1 |     1 ||     2
